 Dungeon Crawl Stone Soup version 0.23.2-1-ga50397a6bc (webtiles) character file.

Game seed: 5609061500696885369

249 Norn the Magician (level 6, -5/39 HPs)
             Began as an Octopode Wizard on May 4, 2019.
             Slain by straszyg's ghost (13 damage)
             ... on level 3 of the Dungeon.
             The game lasted 00:08:23 (3519 turns).

Norn the Magician (Octopode Wizard)                 Turns: 3519, Time: 00:08:23

Health: -5/39      AC:  1    Str:  6    XL:     6   Next: 12%
Magic:  6/11       EV: 13    Int: 22    God:
Gold:   128        SH:  0    Dex: 11    Spells: 9/12 levels left

rFire    . . .     SeeInvis .   g - +0 dagger
rCold    . . .     Gourm    .   (no shield)
rNeg     . . .     Faith    .   a - +0 hat
rPois    .         Spirit   .   (no amulet)
rElec    .         Reflect  .   (no ring)
rCorr    .         Harm     .   (no ring)
MR       .....                  (no ring)
Stlth    +++.......             (no ring)
HPRegen  0.13/turn              (no ring)
MPRegen  0.12/turn              (no ring)
                                (no ring)
                                (no ring)

@: very slightly contaminated
A: almost no armour, stealthy swim, amphibious, 8 rings, constrict 8, camouflage
1, gelatinous body 1
a: no special abilities


You were on level 3 of the Dungeon.
You were not hungry.

You visited 1 branch of the dungeon, and saw 3 of its levels.

You collected 128 gold pieces.

Inventory:

Hand Weapons
 g - a +0 dagger (weapon)
   (You took it off a kobold on level 1 of the Dungeon)
Armour
 a - a +0 hat (worn)
Jewellery
 f - a cursed -2 ring of evasion {unknown}
   (You found it on level 1 of the Dungeon)
 h - an uncursed amulet of magic regeneration {unknown}
   (You found it on level 2 of the Dungeon)
Scrolls
 b - 6 scrolls of identify {unknown}
 d - 3 scrolls of blinking {unknown}
 i - a scroll of magic mapping {unknown}
Potions
 c - a potion of degeneration {unknown}
 j - a potion of curing {unknown}
 k - a potion of heal wounds {unknown}
 l - a potion of brilliance {unknown}
Comestibles
 e - 2 rations {!d}


   Skills:
 + Level 2.2 Fighting
 - Level 2.0 Dodging
 - Level 2.6 Stealth
 + Level 3.7 Spellcasting
 * Level 3.6 Conjurations
 * Level 2.9 Summonings
   Level 1.0 Translocations


You had 9 spell levels left.
You knew the following spells:

 Your Spells              Type           Power        Failure   Level  Hunger
a - Magic Dart            Conj           ###.         2%          1    None
x - Call Imp              Summ           ###.....     4%          2    #......

Your spell library contained the following spells:

 Spells                   Type           Power        Failure   Level  Hunger
 Blink                    Tloc           N/A          12%         2    #......
 Conjure Flame            Conj/Fire      ##......     16%         3    ###....
 Slow                     Hex            #.......     17%         2    #......
 Mephitic Cloud           Conj/Pois/Air  #.......     22%         3    ###....


Dungeon Overview and Level Annotations

Branches:
Dungeon (3/15)

Altars:

Annotations:
D:3 straszyg's ghost, amateur GnFi


Innate Abilities, Weirdness & Mutations

You cannot wear most types of armour.
You are very stealthy in the water. (Stealth+)
You are amphibious.
You can wear up to eight rings at the same time.
You can use your tentacles to constrict eight enemies at once.
Your skin changes colour to match your surroundings (Stealth+).
Your rubbery body absorbs attacks. (AC +1, EV +1)


Message History

Straszyg's ghost turns its malevolent gaze towards you.
Your crimson imp barely misses straszyg's ghost.
A beastly little devil appears in a puff of frigid air.
Your crimson imp hits straszyg's ghost but does no damage.
You swap places.
Straszyg's ghost hits your white imp!
Your white imp dies!
Your crimson imp barely misses straszyg's ghost.
Your crimson imp blinks!
What are your orders? t - Shout!
Orders for allies: a - Attack new target. p - Attack previous target. r - Retreat! s - Stop attacking. g - Guard the area. f - Follow me.
Anything else - Cancel.
Okay, then.
You don't have enough magic to cast that spell.
Straszyg's ghost hits you!
Your crimson imp blinks!
Your crimson imp closely misses straszyg's ghost.
Your crimson imp blinks!
You swap places.
Your crimson imp disappears in a puff of smoke!
Straszyg's ghost laughs crazily.
A shadowy apparition takes form in the air.
Straszyg's ghost hits you!
* * * LOW HITPOINT WARNING * * *
Your shadow imp closely misses straszyg's ghost.
Straszyg's ghost hits you.
* * * LOW HITPOINT WARNING * * *
Your shadow imp hits straszyg's ghost but does no damage.
Straszyg's ghost hits your shadow imp!
Your shadow imp dies!
Straszyg's ghost turns its malevolent gaze towards you.
Straszyg's ghost says, "You can hit me, but you can't hurt me."
Straszyg's ghost whispers, "Everlasting silence awaits you..."
Straszyg's ghost whispers, "There is no future for you."
Straszyg's ghost hits you.
* * * LOW HITPOINT WARNING * * *
You see here a +0 giant club.
You miscast Call Imp.
You are very lightly contaminated with residual magic.
Nothing appears to happen.
Straszyg's ghost misses you.
A beastly little devil appears in a puff of flame.
A beastly little devil appears in a puff of flame.
Straszyg's ghost hits you!
* * * LOW HITPOINT WARNING * * *
Your crimson imp closely misses straszyg's ghost.
Straszyg's ghost hits you!
You die...

.##.# #.#.#.#........#
#.## ....#
#.#......####### #..#
>.### #.##....## ##.# §.#
#.##..#.# #.#
§.#####.##.##.# #########
#.#
§§§§...)......###.......#
#.#
§§#####...........5....(#
#.#
§§§§§...##.##.5W........#
#.#
§§§§§...........@.......#
#.#
§§§§§...#.###...........#
#####.#
..#####.#.###...........#
#.....>
...§§..........#........#
#.###.#
..#######.####.#.########
#.###.# ....# #........#
#.##..# ..#.#
######[############.##.##
.##.# #.#
#.......##.##.## #.#.##
#.# #.#####.##......


You could see straszyg's ghost and 2 friendly crimson imps.

Vanquished Creatures
  An ogre (D:3)
  A bullfrog (D:3)
  2 adders (D:2)
  An ooze (D:2)
  3 worms
  2 dart slugs
  A leopard gecko (D:3)
  7 bats
  4 giant cockroaches
  7 goblins
  6 hobgoblins
  5 kobolds
  2 quokkas (D:2)
  8 frilled lizards
  8 rats
58 creatures vanquished.

Vanquished Creatures (collateral kills)
  A crimson imp (D:3)
1 creature vanquished.

Grand Total: 59 creatures vanquished

Notes
Turn   | Place    | Note
-------+----------+-------------------------------------------
     0 | D:1      | Norn the Octopode Wizard began the quest for the Orb.
     0 | D:1      | Reached XP level 1. HP: 11/11 MP: 4/4
   201 | D:1      | Reached XP level 2. HP: 14/18 MP: 1/6
   771 | D:1      | Reached skill level 1 in Fighting
   804 | D:1      | Learned a level 2 spell: Call Imp
   845 | D:2      | Reached XP level 3. HP: 23/23 MP: 4/7
  1654 | D:2      | Reached XP level 4. HP: 23/28 MP: 0/9
  2392 | D:3      | Found a runed translucent door.
  2394 | D:3      | Noticed a bullfrog
  2402 | D:3      | Killed a bullfrog
  2402 | D:3      | Reached XP level 5. HP: 20/34 MP: 1/10
  2529 | D:3      | Noticed straszyg's ghost (amateur GnFi)
  2541 | D:3      | Noticed an ogre
  2554 | D:3      | Killed an ogre
  2704 | D:3      | Reached XP level 6. HP: 28/39 MP: 3/11
  3519 | D:3      | Slain by straszyg's ghost

Skill      XL: |  1  2  3  4  5 |
---------------+----------------+-----
Conjurations   | 2 3 |  3.6
Fighting       | 1 2 |  2.2
Summonings     | 2 |  2.9
Dodging        | |  2.0
Stealth        | |  2.6
Spellcasting   | |  3.7
Translocations | |  1.0

Action                   |  1- 3 |  4- 6 || total
-------------------------+-------+-------++-------
Melee: Constrict         |     5 |     1 ||     6
       Dagger            |    17 |    10 ||    27
       Unarmed           |     3 |       ||     3
       Tentacles         |     2 |     2 ||     4
 Cast: Magic Dart        |    82 |    61 ||   143
       Call Imp          |       |    23 ||    23
  Eat: Chunk             |     2 |     3 ||     5
       Ration            |       |     1 ||     1
Armor: Skin              |     1 |       ||     1
Dodge: Dodged            |    27 |    15 ||    42
